Wolfpack vs Bears
Created - February 4, 2024 at 09:24
Goals
|
| Wolfpack |
1 |
2 |
1 |
4 |
| Bears |
0 |
0 |
2 |
2 |
|
Shots
|
| Wolfpack |
10 |
14 |
15 |
39 |
| Bears |
5 |
7 |
20 |
32 |
|
1st period
1. Wolfpack , Alex Barre-Boulet 5 (Connor Chatam 15, Alexander Barabanov 13) at 19:54
Penalties :
Steven Santini (Har) for Interference (Minor) at 8:12, Nolan Patrick (Har) for Tripping (Minor) at 17:15
2nd period
2. Wolfpack , Casey Mittelstadt 12 (Stefan Noesen 10, David Pope 31) at 1:16
3. Wolfpack , Samuel Blais 29 (Sebastian Collberg 26, Dryden Hunt 14) at 2:48
Penalties :
Samuel Blais (Har) for Interference (Minor) at 13:37
3rd period
4. Bears , Christian Dvorak 11 (Nicolas Aube-Kubel 25, Kerby Rychel 38) at 1:13
5. Bears , Nicolas Aube-Kubel 26 (Kerby Rychel 39, Vincent Dunn 13) at 6:24
6. Wolfpack , Nolan Patrick 11 (Samuel Blais 14, Sebastian Collberg 27) at 9:30 (PP)
Penalties :
Mikko Vainonen (Her) for Butt-ending (Major / Game Misconduct) at 8:14
Goalie Stats
Eric Comrie (Har), 30 saves from 32 shots - (0.938), W, 14-8-2, 60:00 minutes
Jake Allen (Her), 35 saves from 39 shots - (0.897), L, 24-14-1, 60:00 minutes
Players Stats for Wolfpack
Player Name G A P +/- PIM S H SB GA TA FO MP PP MP PK MP
------------------------------------------------------------------------------------
Alex Barre-Boulet 1 0 1 0 0 4 0 0 0 0 3/7 10:57 0:00 0:00
Alexander Barabanov 0 1 1 0 0 1 0 0 0 0 1/1 12:00 0:41 0:00
Cale Fleury 0 0 0 1 0 1 1 1 0 0 0/0 14:32 0:34 0:56
Casey Mittelstadt 1 0 1 0 0 2 3 1 1 2 12/28 20:00 2:14 0:21
Colton White 0 0 0 -1 0 4 1 1 0 0 0/0 20:44 2:04 2:41
Connor Chatam 0 1 1 0 0 2 3 1 0 1 1/1 12:14 0:47 0:00
David Pope 0 1 1 0 0 3 2 1 2 0 0/1 22:30 2:17 2:43
Derrick Pouliot 0 0 0 1 0 2 1 2 0 2 0/0 25:56 2:21 3:30
Dryden Hunt 0 1 1 0 0 3 3 0 1 0 0/0 10:18 0:16 2:00
Jake Marchment 0 0 0 0 0 1 0 0 2 0 2/5 7:48 0:09 0:00
K'Andre Miller 0 0 0 1 0 1 1 1 0 0 0/0 13:34 0:34 0:00
Nolan Patrick 1 0 1 1 2 3 1 0 0 0 6/12 15:12 1:58 0:35
Owen Tippet 0 0 0 0 0 0 1 0 0 0 0/0 8:04 0:25 0:00
Ryan Culkin 0 0 0 -1 0 4 0 2 0 2 0/0 20:30 2:04 2:27
Samuel Blais 1 1 2 1 2 2 1 0 0 0 0/0 16:25 1:58 1:48
Sebastian Collberg 0 2 2 1 0 1 1 0 0 1 0/1 16:31 2:05 1:51
Stefan Noesen 0 1 1 0 0 5 2 1 0 2 1/4 22:00 2:07 2:36
Steven Santini 0 0 0 1 2 0 1 0 0 3 0/0 24:45 2:21 2:20
Players Stats for Bears
Player Name G A P +/- PIM S H SB GA TA FO MP PP MP PK MP
------------------------------------------------------------------------------------
A.J. Jenks 0 0 0 -1 0 1 3 0 1 0 0/0 18:14 2:48 1:13
Adam Lowry 0 0 0 -1 0 0 0 0 0 0 4/8 11:53 0:00 1:15
Austin Wuthrich 0 0 0 -1 0 0 1 0 0 0 0/0 11:01 0:00 0:06
Christian Dvorak 1 0 1 1 0 1 2 1 0 1 19/34 22:31 3:09 2:24
Cole Smith 0 0 0 -1 0 3 0 1 0 0 0/1 10:38 0:00 0:00
Emil Johansson 0 0 0 1 0 2 0 0 1 1 0/0 15:52 0:00 2:27
Gianluca Curcuruto 0 0 0 -1 0 5 0 0 0 1 0/0 20:50 2:15 1:44
Jacob Bryson 0 0 0 1 0 0 1 1 0 1 0/0 13:57 0:00 0:27
Joshua Leivo 0 0 0 -1 0 3 1 1 2 1 0/0 16:12 2:48 0:00
Kerby Rychel 0 2 2 1 0 3 0 0 2 0 3/3 22:29 3:09 2:22
Logan O'Connor 0 0 0 0 0 0 1 0 0 0 0/0 7:50 0:00 0:00
Michael Prapavessis 0 0 0 -1 0 0 0 3 0 0 0/0 19:32 2:15 2:26
Mikko Vainonen 0 0 0 -1 15 2 1 1 1 1 0/0 21:44 3:42 0:00
Nicolas Aube-Kubel 1 1 2 1 0 5 2 1 3 0 1/2 20:52 3:09 0:45
Nikolay Prokhorkin 0 0 0 0 0 1 0 2 0 0 0/0 8:12 0:00 0:19
Sam Carrick 0 0 0 -1 0 3 0 0 1 0 4/7 18:06 2:48 1:40
Tommy Vannelli 0 0 0 -1 0 1 0 4 1 0 0/0 27:17 3:42 2:48
Vincent Dunn 0 1 1 0 0 2 1 0 1 0 3/5 7:50 0:00 0:00
3 Stars
1 - Nicolas Aube-Kubel (Her)
2 - Samuel Blais (Har)
3 - Casey Mittelstadt (Har)
Power Play
Wolfpack - 1 on 2 Attempt(s) - 50.00%
Bears - 0 on 3 Attempt(s) - 0.00%
Penalty Kill
Wolfpack - 3 on 3 Attempt(s) - 100.00%
- Score 0 goal in Penalty Kill
Bears - 1 on 2 Attempt(s) - 50.00%
- Score 0 goal in Penalty Kill
Team Stat
Wolfpack - Hits : 22 - Faceoff Wins : 26 - Blocked Shots : 11 - Penalty Minutes : 6
Bears - Hits : 13 - Faceoff Wins : 34 - Blocked Shots : 15 - Penalty Minutes : 15
Official
Referees : Jon McIsaac and Conor O'Donnell
Linesman : Kiel Murchison and Steve Barton
Game Notes
Mikko Vainonen (Her) for Butt-ending (Major / Game Misconduct) at 8:14
Mikko Vainonen ejected from game at 8:14 of 3rd period
Finance
Level 1 -- Attendance: 1883 (94.15%) -- Ticket Income $131,810
Level 2 -- Attendance: 915 (91.50%) -- Ticket Income $36,600
Total Attendance: 2798 (93.27%)
Total Ticket Income: $168,410
Other Income: $8,420
Total Income: $176,830
Wolfpack
5 vs 5 Forward
Center Left Wing Right Wing Time % Phy DF OF
1 Casey Mittelstadt David Pope Stefan Noesen 40 1 2 2
2 Nolan Patrick Samuel Blais Sebastian Collberg 30 1 2 2
3 Alex Barre-Boulet Alexander Barabanov Connor Chatam 20 1 2 2
4 Jake Marchment Dryden Hunt Owen Tippet 10 1 2 2
5 vs 5 Defense
Defense Defense Time % Phy DF OF
1 Derrick Pouliot Steven Santini 40 1 2 2
2 Ryan Culkin Colton White 30 1 2 2
3 K'Andre Miller Cale Fleury 20 1 2 2
4 Derrick Pouliot Steven Santini 10 1 2 2
PowerPlay Forward
Center Left Wing Right Wing Time % Phy DF OF
1 Casey Mittelstadt David Pope Stefan Noesen 60 1 2 2
2 Nolan Patrick Samuel Blais Sebastian Collberg 40 1 2 2
PowerPlay Defense
Defense Defense Time % Phy DF OF
1 Derrick Pouliot Steven Santini 60 1 2 2
2 Ryan Culkin Colton White 40 1 2 2
Penalty Kill 4 Players Forward
Center Wing Time % Phy DF OF
1 Stefan Noesen David Pope 60 1 2 2
2 Samuel Blais Sebastian Collberg 40 1 2 2
Penalty Kill 4 Players Defense
Defense Defense Time % Phy DF OF
1 Derrick Pouliot Steven Santini 60 1 2 2
2 Ryan Culkin Colton White 40 1 2 2
Penalty Kill - 3 Players Forward
Forward Time % Phy DF OF
1 Stefan Noesen 60 1 2 2
2 David Pope 40 1 2 2
Penalty Kill - 3 Players Defense
Defense Defense Time % Phy DF OF
1 Derrick Pouliot Steven Santini 60 1 2 2
2 Ryan Culkin Colton White 40 1 2 2
4 vs 4 Forward
Center Wing Time % Phy DF OF
1 Stefan Noesen David Pope 60 1 2 2
2 Samuel Blais Sebastian Collberg 40 1 2 2
4 vs 4 Defense
Defense Defense Time % Phy DF OF
1 Derrick Pouliot Steven Santini 60 1 2 2
2 Ryan Culkin Colton White 40 1 2 2
Last Minutes Offensive
Center Left Wing Right Wing Defense Defense
Casey Mittelstadt David Pope Stefan Noesen Derrick Pouliot Steven Santini
Last Minutes Defensive
Center Left Wing Right Wing Defense Defense
Casey Mittelstadt David Pope Stefan Noesen Derrick Pouliot Steven Santini
Goaltenders
Starting : Eric Comrie
Backup : Mike Condon
Extra Forwards
Normal : Connor Chatam, Alexander Barabanov, Dryden Hunt - PP : Connor Chatam, Alexander Barabanov - PK : Dryden Hunt
Extra Defensemen
Normal : K'Andre Miller, Cale Fleury, Ryan Culkin - PP : K'Andre Miller - PK : Cale Fleury, Ryan Culkin
Penalty Shots
Stefan Noesen, David Pope, Samuel Blais, Sebastian Collberg, Connor Chatam
Custom OT Lines Forwards
Stefan Noesen, David Pope, Samuel Blais, Sebastian Collberg, Connor Chatam, Casey Mittelstadt, Alexander Barabanov, Nolan Patrick, Dryden Hunt, Owen Tippet
Custom OT Lines Defensemen
Derrick Pouliot, Steven Santini, Ryan Culkin, Colton White, K'Andre Miller
Scratches
Ryan Poehling (Healthy), Mason Shaw (Healthy), Samuel Houde (Healthy), Dylan Samberg (Healthy), Joshua Jacobs (Healthy)
Mikhail Vorobyev (Healthy), Will Borgen (Healthy), Andrew Peeke (Healthy), Dante Fabbro (Healthy), Jeffrey Viel (Healthy)
Yegor Korshkov (Healthy), Linus Sandin (Healthy), Alexander Volkov (Healthy), Jack Drury (Healthy), Jakub Lauko (Healthy)
Martin Kaut (Healthy), Mathias Laferriere (Healthy), Samuel Ersson (Healthy), Jake Paterson (Healthy)
Bears
5 vs 5 Forward
Center Left Wing Right Wing Time % Phy DF OF
1 Christian Dvorak Kerby Rychel Nicolas Aube-Kubel 40 0 1 4
2 Sam Carrick A.J. Jenks Joshua Leivo 30 0 1 4
3 Adam Lowry Cole Smith Austin Wuthrich 20 0 2 3
4 Vincent Dunn Nikolay Prokhorkin Logan O'Connor 10 0 2 3
5 vs 5 Defense
Defense Defense Time % Phy DF OF
1 Mikko Vainonen Tommy Vannelli 40 0 3 2
2 Gianluca Curcuruto Michael Prapavessis 30 0 3 2
3 Jacob Bryson Emil Johansson 20 0 4 1
4 Mikko Vainonen Tommy Vannelli 10 0 3 2
PowerPlay Forward
Center Left Wing Right Wing Time % Phy DF OF
1 Christian Dvorak Kerby Rychel Nicolas Aube-Kubel 60 0 0 5
2 Sam Carrick A.J. Jenks Joshua Leivo 40 0 0 5
PowerPlay Defense
Defense Defense Time % Phy DF OF
1 Mikko Vainonen Tommy Vannelli 60 0 2 3
2 Gianluca Curcuruto Michael Prapavessis 40 0 2 3
Penalty Kill 4 Players Forward
Center Wing Time % Phy DF OF
1 Kerby Rychel Christian Dvorak 60 0 4 1
2 Nicolas Aube-Kubel Sam Carrick 40 0 4 1
Penalty Kill 4 Players Defense
Defense Defense Time % Phy DF OF
1 Mikko Vainonen Tommy Vannelli 60 0 4 1
2 Gianluca Curcuruto Michael Prapavessis 40 0 4 1
Penalty Kill - 3 Players Forward
Forward Time % Phy DF OF
1 Kerby Rychel 60 0 5 0
2 Christian Dvorak 40 0 5 0
Penalty Kill - 3 Players Defense
Defense Defense Time % Phy DF OF
1 Mikko Vainonen Tommy Vannelli 60 0 5 0
2 Gianluca Curcuruto Michael Prapavessis 40 0 5 0
4 vs 4 Forward
Center Wing Time % Phy DF OF
1 Kerby Rychel Christian Dvorak 60 0 1 4
2 Nicolas Aube-Kubel Sam Carrick 40 0 1 4
4 vs 4 Defense
Defense Defense Time % Phy DF OF
1 Mikko Vainonen Tommy Vannelli 60 0 3 2
2 Gianluca Curcuruto Michael Prapavessis 40 0 3 2
Last Minutes Offensive
Center Left Wing Right Wing Defense Defense
Sam Carrick Kerby Rychel Nicolas Aube-Kubel Mikko Vainonen Tommy Vannelli
Last Minutes Defensive
Center Left Wing Right Wing Defense Defense
Sam Carrick Kerby Rychel Nicolas Aube-Kubel Michael Prapavessis Tommy Vannelli
Goaltenders
Starting : Jake Allen
Backup : Artyom Zagidulin
Extra Forwards
Normal : Kerby Rychel, Nicolas Aube-Kubel, Sam Carrick - PP : Kerby Rychel, Sam Carrick - PK : Sam Carrick
Extra Defensemen
Normal : Mikko Vainonen, Tommy Vannelli, Gianluca Curcuruto - PP : Jacob Bryson - PK : Tommy Vannelli, Michael Prapavessis
Penalty Shots
Nicolas Aube-Kubel, Joshua Leivo, Kerby Rychel, Sam Carrick, Christian Dvorak
Custom OT Lines Forwards
Kerby Rychel, Christian Dvorak, Nicolas Aube-Kubel, Sam Carrick, Joshua Leivo, A.J. Jenks, Cole Smith, Austin Wuthrich, Vincent Dunn, Adam Lowry
Custom OT Lines Defensemen
Mikko Vainonen, Tommy Vannelli, Gianluca Curcuruto, Michael Prapavessis, Jacob Bryson
Scratches
Blake Speers (Healthy), Colby Cave (Healthy), Jesper Pettersson (Healthy), David Farrance (Healthy), Mackenze Stewart (Healthy)
Zack Hayes (Healthy), Mario Ferraro (Healthy), Will Reilly (Healthy), Kristians Rubins (Healthy), Ryan Graves (Healthy)
Isaac Ratcliffe (Healthy), Nicholas Caamano (Healthy), Jakob Stenqvist (Healthy), Arvid Henrikson (Healthy), Kirill Maksimov (Healthy)
% Time on Ice - Wolfpack
Lines # - Real PCT - Wanted PCT - Time Play
Normal Forward
1 - 35% - 40% - 17:24
2 - 27% - 30% - 13:04
3 - 22% - 20% - 10:57
4 - 16% - 10% - 7:39
Normal Defense
1 - 37% - 40% - 18:12
2 - 33% - 30% - 15:59
3 - 26% - 20% - 13:00
4 - 4% - 10% - 1:53
PP Forward
1 - 49% - 60% - 2:26
2 - 51% - 40% - 2:33
PP Defense
1 - 59% - 60% - 2:55
2 - 41% - 40% - 2:04
PK Forward
1 - 69% - 60% - 4:06
2 - 31% - 40% - 1:51
PK Defense
1 - 64% - 60% - 3:48
2 - 36% - 40% - 2:09
PK3 Forward
1 - 0% - 60%
2 - 0% - 40%
PK3 Defense
1 - 0% - 60%
2 - 0% - 40%
44 Forward
1 - 0% - 60%
2 - 0% - 40%
44 Defense
1 - 0% - 60%
2 - 0% - 40%
Last Minute Offensive - 0:00
Last Minute Defensive - 0:00
Total
Forward - 60:00
Defense - 60:00
|
% Time on Ice - Bears
Lines # - Real PCT - Wanted PCT - Time Play
Normal Forward
1 - 35% - 40% - 17:15
2 - 27% - 30% - 13:21
3 - 22% - 20% - 10:38
4 - 16% - 10% - 7:50
Normal Defense
1 - 41% - 40% - 19:57
2 - 29% - 30% - 14:11
3 - 26% - 20% - 12:40
4 - 5% - 10% - 2:16
PP Forward
1 - 53% - 60% - 3:09
2 - 47% - 40% - 2:48
PP Defense
1 - 62% - 60% - 3:42
2 - 38% - 40% - 2:15
PK Forward
1 - 85% - 60% - 4:14
2 - 15% - 40% - 0:45
PK Defense
1 - 79% - 60% - 3:56
2 - 21% - 40% - 1:03
PK3 Forward
1 - 0% - 60%
2 - 0% - 40%
PK3 Defense
1 - 0% - 60%
2 - 0% - 40%
44 Forward
1 - 0% - 60%
2 - 0% - 40%
44 Defense
1 - 0% - 60%
2 - 0% - 40%
Last Minute Offensive - 0:00
Last Minute Defensive - 0:00
Total
Forward - 60:00
Defense - 60:00
|
Play-by-Play
1st period
0:01 of 1st period - Christian Dvorak wins face-off versus Casey Mittelstadt in neutral zone.
0:14 of 1st period - Snap shot by David Pope.
0:14 of 1st period - Shot Misses the Net.
0:28 of 1st period - Icing by Nolan Patrick.
0:29 of 1st period - Adam Lowry wins face-off versus Nolan Patrick in Wolfpack zone.
0:40 of 1st period - Snap shot by Cole Smith.
0:40 of 1st period - Stopped by Eric Comrie with a rebound.
1:13 of 1st period - Icing by Michael Prapavessis.
1:14 of 1st period - Jake Marchment wins face-off versus Christian Dvorak in Bears zone.
1:35 of 1st period - Michael Prapavessis is hit by K'Andre Miller.
1:45 of 1st period - Snap shot by Nicolas Aube-Kubel.
1:45 of 1st period - Stopped by Eric Comrie without a rebound.
1:46 of 1st period - Casey Mittelstadt wins face-off versus Vincent Dunn in Wolfpack zone.
1:46 of 1st period - Casey Mittelstadt is hit by Logan O'Connor.
2:00 of 1st period - Slapshot by Derrick Pouliot.
2:00 of 1st period - Shot Blocked by Jacob Bryson.
2:02 of 1st period - Slapshot by Derrick Pouliot.
2:02 of 1st period - Shot Misses the Net.
2:21 of 1st period - Slapshot by Joshua Leivo.
2:21 of 1st period - Stopped by Eric Comrie without a rebound.
2:22 of 1st period - Casey Mittelstadt wins face-off versus Sam Carrick in Wolfpack zone.
2:57 of 1st period - Snap shot by Alex Barre-Boulet.
2:57 of 1st period - Shot Blocked by Nicolas Aube-Kubel.
2:59 of 1st period - Slapshot by Ryan Culkin.
2:59 of 1st period - Shot Blocked by Tommy Vannelli.
3:55 of 1st period - Slapshot by Connor Chatam.
3:55 of 1st period - Shot Misses the Net.
5:19 of 1st period - Snap shot by Alexander Barabanov.
5:19 of 1st period - Stopped by Jake Allen with a rebound.
6:19 of 1st period - Cole Smith is hit by Dryden Hunt and loses puck.
7:04 of 1st period - Slapshot by A.J. Jenks.
7:04 of 1st period - Shot Misses the Net.
7:22 of 1st period - Snap shot by Vincent Dunn.
7:22 of 1st period - Stopped by Eric Comrie without a rebound.
7:23 of 1st period - Nolan Patrick wins face-off versus Vincent Dunn in Wolfpack zone.
7:48 of 1st period - Christian Dvorak is hit by Stefan Noesen and loses puck.
7:55 of 1st period - Wrist shot by Stefan Noesen.
7:55 of 1st period - Stopped by Jake Allen without a rebound.
7:56 of 1st period - Casey Mittelstadt wins face-off versus Christian Dvorak in Bears zone.
8:01 of 1st period - Snap shot by David Pope.
8:01 of 1st period - Shot Blocked by Tommy Vannelli.
8:03 of 1st period - Snap shot by K'Andre Miller.
8:03 of 1st period - Stopped by Jake Allen without a rebound.
8:04 of 1st period - Christian Dvorak wins face-off versus Casey Mittelstadt in Bears zone.
8:04 of 1st period - Christian Dvorak is hit by Stefan Noesen.
8:10 of 1st period - Wrist shot by Christian Dvorak.
8:10 of 1st period - Shot Blocked by Derrick Pouliot.
8:12 of 1st period - Minor Penalty to Steven Santini for Interference.
8:13 of 1st period - Stefan Noesen wins face-off versus Nicolas Aube-Kubel in Wolfpack zone.
8:53 of 1st period - Wrist shot by Joshua Leivo.
8:53 of 1st period - Shot Blocked by Colton White.
10:12 of 1st period - Penalty to Steven Santini is over, Steven Santini is back on ice.
10:16 of 1st period - Icing by Derrick Pouliot.
10:17 of 1st period - Adam Lowry wins face-off versus Alex Barre-Boulet in Wolfpack zone.
10:18 of 1st period - Backhand shot by Austin Wuthrich.
10:18 of 1st period - Shot Misses the Net.
10:28 of 1st period - Wrist shot by Adam Lowry.
10:28 of 1st period - Shot Misses the Net.
10:34 of 1st period - Jacob Bryson is hit by Connor Chatam and loses puck.
11:11 of 1st period - Wrist shot by Stefan Noesen.
11:11 of 1st period - Stopped by Jake Allen without a rebound.
11:12 of 1st period - Sam Carrick wins face-off versus Nolan Patrick in Bears zone.
11:42 of 1st period - Off-side.
11:43 of 1st period - Christian Dvorak wins face-off versus Casey Mittelstadt in neutral zone.
12:08 of 1st period - Sam Carrick is hit by Samuel Blais and loses puck.
12:24 of 1st period - Icing by Nolan Patrick.
12:25 of 1st period - Alex Barre-Boulet wins face-off versus Adam Lowry in Wolfpack zone.
12:58 of 1st period - Slapshot by Kerby Rychel.
12:58 of 1st period - Shot Blocked by David Pope.
14:29 of 1st period - Snap shot by Sebastian Collberg.
14:29 of 1st period - Shot Blocked by Cole Smith.
14:31 of 1st period - Wrist shot by Samuel Blais.
14:31 of 1st period - Stopped by Jake Allen without a rebound.
14:32 of 1st period - Casey Mittelstadt wins face-off versus Christian Dvorak in Bears zone.
15:01 of 1st period - Wrist shot by Samuel Blais.
15:01 of 1st period - Shot Misses the Net.
15:03 of 1st period - Wrist shot by Ryan Culkin.
15:03 of 1st period - Deflect By Samuel Blais.
15:03 of 1st period - Shot Misses the Net.
15:03 of 1st period - Puck is out of play.
15:04 of 1st period - Casey Mittelstadt wins face-off versus Christian Dvorak in Bears zone.
15:07 of 1st period - Wrist shot by Casey Mittelstadt.
15:07 of 1st period - Shot Misses the Net.
15:17 of 1st period - Wrist shot by Christian Dvorak.
15:17 of 1st period - Shot Blocked by Stefan Noesen.
15:19 of 1st period - Slapshot by Kerby Rychel.
15:19 of 1st period - Shot Misses the Net.
15:37 of 1st period - Wrist shot by Samuel Blais.
15:37 of 1st period - Shot Blocked by Michael Prapavessis.
15:39 of 1st period - Slapshot by Colton White.
15:39 of 1st period - Stopped by Jake Allen without a rebound.
15:40 of 1st period - Casey Mittelstadt wins face-off versus Christian Dvorak in Bears zone.
16:32 of 1st period - Gianluca Curcuruto is hit by Cale Fleury and loses puck.
16:53 of 1st period - Snap shot by Stefan Noesen.
16:53 of 1st period - Stopped by Jake Allen without a rebound.
16:54 of 1st period - Nolan Patrick wins face-off versus Christian Dvorak in Bears zone.
17:15 of 1st period - Minor Penalty to Nolan Patrick for Tripping.
17:16 of 1st period - Christian Dvorak wins face-off versus Stefan Noesen in Wolfpack zone.
17:48 of 1st period - Snap shot by Sam Carrick.
17:48 of 1st period - Stopped by Eric Comrie with a rebound.
17:50 of 1st period - Slapshot by Sam Carrick.
17:50 of 1st period - Shot Misses the Net.
18:58 of 1st period - Christian Dvorak is hit by Derrick Pouliot and loses puck.
19:15 of 1st period - Penalty to Nolan Patrick is over, Nolan Patrick is back on ice.
19:27 of 1st period - Wrist shot by Alexander Barabanov.
19:27 of 1st period - Deflect By Connor Chatam.
19:27 of 1st period - Shot Misses the Net.
19:27 of 1st period - Puck is out of play.
19:28 of 1st period - Alex Barre-Boulet wins face-off versus Adam Lowry in Bears zone.
19:35 of 1st period - Slapshot by Gianluca Curcuruto.
19:35 of 1st period - Deflect By Cole Smith.
19:35 of 1st period - Shot Misses the Net.
19:35 of 1st period - Puck is out of play.
19:36 of 1st period - Adam Lowry wins face-off versus Alex Barre-Boulet in Wolfpack zone.
19:48 of 1st period - Snap shot by Connor Chatam.
19:48 of 1st period - Shot Misses the Net.
19:50 of 1st period - Snap shot by Alex Barre-Boulet.
19:50 of 1st period - Stopped by Jake Allen with a rebound.
19:52 of 1st period - Snap shot by Connor Chatam.
19:52 of 1st period - Stopped by Jake Allen with a rebound.
19:54 of 1st period - Snap shot by Alex Barre-Boulet.
19:54 of 1st period - Goal by Alex Barre-Boulet - Wolfpack : 1 - Bears : 0.
19:55 of 1st period - Christian Dvorak wins face-off versus Casey Mittelstadt in neutral zone.
Goals for this period are 1 for Wolfpack vs 0 for Bears.
Shots for this period are 10 for Wolfpack vs 5 for Bears.
2nd period
0:01 of 2nd period - Christian Dvorak wins face-off versus David Pope in neutral zone.
0:09 of 2nd period - Icing by Derrick Pouliot.
0:10 of 2nd period - Christian Dvorak wins face-off versus Casey Mittelstadt in Wolfpack zone.
0:21 of 2nd period - David Pope is hit by Nicolas Aube-Kubel and loses puck.
1:12 of 2nd period - Wrist shot by Stefan Noesen.
1:12 of 2nd period - Shot Blocked by Tommy Vannelli.
1:14 of 2nd period - Snap shot by Stefan Noesen.
1:14 of 2nd period - Shot Misses the Net.
1:16 of 2nd period - Snap shot by Casey Mittelstadt.
1:16 of 2nd period - Goal by Casey Mittelstadt - Wolfpack : 2 - Bears : 0.
1:17 of 2nd period - Sam Carrick wins face-off versus Sebastian Collberg in neutral zone.
2:07 of 2nd period - Snap shot by Colton White.
2:07 of 2nd period - Stopped by Jake Allen with a rebound.
2:09 of 2nd period - Slapshot by Ryan Culkin.
2:09 of 2nd period - Shot Misses the Net.
2:11 of 2nd period - Slapshot by Dryden Hunt.
2:11 of 2nd period - Stopped by Jake Allen with a rebound.
2:13 of 2nd period - Wrist shot by Ryan Culkin.
2:13 of 2nd period - Stopped by Jake Allen without a rebound.
2:14 of 2nd period - Christian Dvorak wins face-off versus Jake Marchment in Bears zone.
2:48 of 2nd period - Wrist shot by Samuel Blais.
2:48 of 2nd period - Goal by Samuel Blais - Wolfpack : 3 - Bears : 0.
2:49 of 2nd period - Nolan Patrick wins face-off versus Christian Dvorak in neutral zone.
3:16 of 2nd period - Derrick Pouliot is hit by A.J. Jenks and loses puck.
3:34 of 2nd period - Off-side.
3:35 of 2nd period - Connor Chatam wins face-off versus Adam Lowry in neutral zone.
3:38 of 2nd period - Snap shot by Alex Barre-Boulet.
3:38 of 2nd period - Shot Blocked by Michael Prapavessis.
3:40 of 2nd period - Slapshot by Ryan Culkin.
3:40 of 2nd period - Shot Misses the Net.
3:42 of 2nd period - Slapshot by Colton White.
3:42 of 2nd period - Stopped by Jake Allen with a rebound.
3:44 of 2nd period - Slapshot by Ryan Culkin.
3:44 of 2nd period - Stopped by Jake Allen with a rebound.
3:46 of 2nd period - Slapshot by Colton White.
3:46 of 2nd period - Stopped by Jake Allen without a rebound.
3:47 of 2nd period - Nolan Patrick wins face-off versus Christian Dvorak in Bears zone.
3:52 of 2nd period - Snap shot by Nolan Patrick.
3:52 of 2nd period - Stopped by Jake Allen with a rebound.
4:35 of 2nd period - Snap shot by Austin Wuthrich.
4:35 of 2nd period - Deflect By Cole Smith.
4:35 of 2nd period - Stopped by Eric Comrie with a rebound.
4:53 of 2nd period - Tommy Vannelli is hit by Dryden Hunt and loses puck.
4:58 of 2nd period - Snap shot by Dryden Hunt.
4:58 of 2nd period - Shot Misses the Net.
5:00 of 2nd period - Wrist shot by Dryden Hunt.
5:00 of 2nd period - Stopped by Jake Allen with a rebound.
5:16 of 2nd period - Snap shot by Christian Dvorak.
5:16 of 2nd period - Shot Misses the Net.
5:34 of 2nd period - Steven Santini is hit by Joshua Leivo and loses puck.
5:46 of 2nd period - Icing by Mikko Vainonen.
5:47 of 2nd period - Alex Barre-Boulet wins face-off versus Sam Carrick in Bears zone.
5:52 of 2nd period - Snap shot by Samuel Blais.
5:52 of 2nd period - Shot Blocked by Tommy Vannelli.
5:54 of 2nd period - Slapshot by Ryan Culkin.
5:54 of 2nd period - Shot Blocked by Joshua Leivo.
5:56 of 2nd period - Slapshot by Ryan Culkin.
5:56 of 2nd period - Stopped by Jake Allen with a rebound.
6:36 of 2nd period - Snap shot by Colton White.
6:36 of 2nd period - Shot Misses the Net.
6:38 of 2nd period - Slapshot by Ryan Culkin.
6:38 of 2nd period - Stopped by Jake Allen with a rebound.
7:03 of 2nd period - Icing by Sebastian Collberg.
7:04 of 2nd period - Christian Dvorak wins face-off versus Nolan Patrick in Wolfpack zone.
7:32 of 2nd period - Sam Carrick is hit by Steven Santini and loses puck.
7:52 of 2nd period - Wrist shot by Nikolay Prokhorkin.
7:52 of 2nd period - Stopped by Eric Comrie without a rebound.
7:53 of 2nd period - Vincent Dunn wins face-off versus Alex Barre-Boulet in Wolfpack zone.
8:27 of 2nd period - Snap shot by Vincent Dunn.
8:27 of 2nd period - Shot Misses the Net.
8:29 of 2nd period - Snap shot by Gianluca Curcuruto.
8:29 of 2nd period - Shot Misses the Net.
8:31 of 2nd period - Slapshot by Gianluca Curcuruto.
8:31 of 2nd period - Stopped by Eric Comrie without a rebound.
8:32 of 2nd period - Christian Dvorak wins face-off versus Stefan Noesen in Wolfpack zone.
8:39 of 2nd period - Slapshot by Christian Dvorak.
8:39 of 2nd period - Shot Misses the Net.
10:11 of 2nd period - Wrist shot by A.J. Jenks.
10:11 of 2nd period - Shot Hit the Post.
10:31 of 2nd period - Slapshot by Gianluca Curcuruto.
10:31 of 2nd period - Stopped by Eric Comrie with a rebound.
11:17 of 2nd period - Slapshot by Colton White.
11:17 of 2nd period - Shot Blocked by Mikko Vainonen.
11:33 of 2nd period - Snap shot by Sebastian Collberg.
11:33 of 2nd period - Stopped by Jake Allen with a rebound.
11:35 of 2nd period - Snap shot by Samuel Blais.
11:35 of 2nd period - Shot Hit the Post.
11:37 of 2nd period - Slapshot by Sebastian Collberg.
11:37 of 2nd period - Shot Misses the Net.
11:41 of 2nd period - Snap shot by Samuel Blais.
11:41 of 2nd period - Deflect By Nolan Patrick.
11:41 of 2nd period - Stopped by Jake Allen without a rebound.
11:42 of 2nd period - Christian Dvorak wins face-off versus Casey Mittelstadt in Bears zone.
13:00 of 2nd period - Wrist shot by Vincent Dunn.
13:00 of 2nd period - Stopped by Eric Comrie without a rebound.
13:01 of 2nd period - Christian Dvorak wins face-off versus Casey Mittelstadt in Wolfpack zone.
13:27 of 2nd period - Sebastian Collberg is hit by A.J. Jenks and loses puck.
13:37 of 2nd period - Minor Penalty to Samuel Blais for Interference.
13:38 of 2nd period - Christian Dvorak wins face-off versus Stefan Noesen in Wolfpack zone.
13:40 of 2nd period - Snap shot by Nicolas Aube-Kubel.
13:40 of 2nd period - Shot Blocked by Derrick Pouliot.
13:48 of 2nd period - Slapshot by Nicolas Aube-Kubel.
13:48 of 2nd period - Shot Misses the Net.
13:50 of 2nd period - Snap shot by Tommy Vannelli.
13:50 of 2nd period - Deflect By David Pope.
13:50 of 2nd period - Stopped by Eric Comrie with a rebound.
14:55 of 2nd period - Dryden Hunt is hit by Christian Dvorak.
14:59 of 2nd period - Mikko Vainonen is hit by Sebastian Collberg and loses puck.
15:37 of 2nd period - Penalty to Samuel Blais is over, Samuel Blais is back on ice.
15:52 of 2nd period - Snap shot by Jacob Bryson.
15:52 of 2nd period - Shot Blocked by Connor Chatam.
15:54 of 2nd period - Snap shot by Adam Lowry.
15:54 of 2nd period - Shot Misses the Net.
15:56 of 2nd period - Slapshot by Emil Johansson.
15:56 of 2nd period - Stopped by Eric Comrie with a rebound.
16:06 of 2nd period - Ryan Culkin is hit by Jacob Bryson and loses puck.
17:05 of 2nd period - Icing by Jacob Bryson.
17:06 of 2nd period - Vincent Dunn wins face-off versus Nolan Patrick in Bears zone.
17:51 of 2nd period - Cale Fleury is hit by Austin Wuthrich and loses puck.
18:21 of 2nd period - Christian Dvorak is hit by Owen Tippet and loses puck.
Goals for this period are 2 for Wolfpack vs 0 for Bears.
Shots for this period are 14 for Wolfpack vs 7 for Bears.
3rd period
0:01 of 3rd period - Casey Mittelstadt wins face-off versus Christian Dvorak in neutral zone.
0:11 of 3rd period - Slapshot by Steven Santini.
0:11 of 3rd period - Shot Blocked by Christian Dvorak.
0:13 of 3rd period - Snap shot by Casey Mittelstadt.
0:13 of 3rd period - Stopped by Jake Allen with a rebound.
0:21 of 3rd period - Derrick Pouliot is hit by Mikko Vainonen and loses puck.
0:41 of 3rd period - Wrist shot by Stefan Noesen.
0:41 of 3rd period - Deflect By Casey Mittelstadt.
0:41 of 3rd period - Shot Misses the Net.
0:41 of 3rd period - Puck is out of play.
0:42 of 3rd period - Sam Carrick wins face-off versus Nolan Patrick in Bears zone.
0:49 of 3rd period - Off-side.
0:50 of 3rd period - Sam Carrick wins face-off versus Nolan Patrick in neutral zone.
1:01 of 3rd period - Slapshot by Sam Carrick.
1:01 of 3rd period - Deflect By Joshua Leivo.
1:01 of 3rd period - Shot Blocked by Ryan Culkin.
1:01 of 3rd period - Puck is out of play.
1:02 of 3rd period - Christian Dvorak wins face-off versus Casey Mittelstadt in Wolfpack zone.
1:07 of 3rd period - Snap shot by Nicolas Aube-Kubel.
1:07 of 3rd period - Stopped by Eric Comrie with a rebound.
1:09 of 3rd period - Wrist shot by Nicolas Aube-Kubel.
1:09 of 3rd period - Deflect By Kerby Rychel.
1:09 of 3rd period - Stopped by Eric Comrie with a rebound.
1:11 of 3rd period - Wrist shot by Nicolas Aube-Kubel.
1:11 of 3rd period - Stopped by Eric Comrie with a rebound.
1:13 of 3rd period - Snap shot by Christian Dvorak.
1:13 of 3rd period - Goal by Christian Dvorak - Wolfpack : 3 - Bears : 1.
1:14 of 3rd period - Casey Mittelstadt wins face-off versus Christian Dvorak in neutral zone.
1:25 of 3rd period - Slapshot by Mikko Vainonen.
1:25 of 3rd period - Stopped by Eric Comrie without a rebound.
1:26 of 3rd period - Christian Dvorak wins face-off versus Casey Mittelstadt in Wolfpack zone.
2:16 of 3rd period - Snap shot by Dryden Hunt.
2:16 of 3rd period - Stopped by Jake Allen with a rebound.
2:18 of 3rd period - Slapshot by Cale Fleury.
2:18 of 3rd period - Stopped by Jake Allen with a rebound.
2:36 of 3rd period - Joshua Leivo is hit by David Pope and loses puck.
2:51 of 3rd period - Slapshot by Sam Carrick.
2:51 of 3rd period - Shot Misses the Net.
2:53 of 3rd period - Snap shot by A.J. Jenks.
2:53 of 3rd period - Shot Blocked by Casey Mittelstadt.
2:55 of 3rd period - Slapshot by Gianluca Curcuruto.
2:55 of 3rd period - Shot Misses the Net.
2:57 of 3rd period - Slapshot by Gianluca Curcuruto.
2:57 of 3rd period - Stopped by Eric Comrie with a rebound.
2:59 of 3rd period - Snap shot by A.J. Jenks.
2:59 of 3rd period - Shot Misses the Net.
3:01 of 3rd period - Wrist shot by A.J. Jenks.
3:01 of 3rd period - Stopped by Eric Comrie with a rebound.
3:05 of 3rd period - Snap shot by Sam Carrick.
3:05 of 3rd period - Shot Misses the Net.
3:09 of 3rd period - Snap shot by Joshua Leivo.
3:09 of 3rd period - Stopped by Eric Comrie without a rebound.
3:10 of 3rd period - Nolan Patrick wins face-off versus Christian Dvorak in Wolfpack zone.
3:42 of 3rd period - Wrist shot by Alexander Barabanov.
3:42 of 3rd period - Shot Misses the Net.
3:44 of 3rd period - Slapshot by Derrick Pouliot.
3:44 of 3rd period - Stopped by Jake Allen with a rebound.
3:46 of 3rd period - Backhand shot by Alex Barre-Boulet.
3:46 of 3rd period - Stopped by Jake Allen without a rebound.
3:47 of 3rd period - Casey Mittelstadt wins face-off versus Christian Dvorak in Bears zone.
3:59 of 3rd period - Snap shot by Kerby Rychel.
3:59 of 3rd period - Shot Misses the Net.
4:04 of 3rd period - Icing by Colton White.
4:05 of 3rd period - Casey Mittelstadt wins face-off versus Cole Smith in Wolfpack zone.
4:31 of 3rd period - Ryan Culkin is hit by Vincent Dunn and loses puck.
4:48 of 3rd period - Wrist shot by Stefan Noesen.
4:48 of 3rd period - Stopped by Jake Allen with a rebound.
4:50 of 3rd period - Slapshot by Casey Mittelstadt.
4:50 of 3rd period - Shot Blocked by Nikolay Prokhorkin.
4:52 of 3rd period - Wrist shot by Stefan Noesen.
4:52 of 3rd period - Shot Misses the Net.
4:54 of 3rd period - Slapshot by Derrick Pouliot.
4:54 of 3rd period - Stopped by Jake Allen with a rebound.
4:56 of 3rd period - Snap shot by David Pope.
4:56 of 3rd period - Shot Blocked by Michael Prapavessis.
4:58 of 3rd period - Snap shot by Casey Mittelstadt.
4:58 of 3rd period - Deflect By David Pope.
4:58 of 3rd period - Stopped by Jake Allen with a rebound.
5:00 of 3rd period - Snap shot by David Pope.
5:00 of 3rd period - Deflect By Stefan Noesen.
5:00 of 3rd period - Stopped by Jake Allen without a rebound.
5:01 of 3rd period - Nolan Patrick wins face-off versus Christian Dvorak in Bears zone.
5:10 of 3rd period - Slapshot by Mikko Vainonen.
5:10 of 3rd period - Stopped by Eric Comrie with a rebound.
5:12 of 3rd period - Slapshot by Kerby Rychel.
5:12 of 3rd period - Shot Blocked by K'Andre Miller.
5:14 of 3rd period - Slapshot by Tommy Vannelli.
5:14 of 3rd period - Shot Blocked by Cale Fleury.
5:33 of 3rd period - Wrist shot by Sam Carrick.
5:33 of 3rd period - Stopped by Eric Comrie with a rebound.
5:35 of 3rd period - Slapshot by Joshua Leivo.
5:35 of 3rd period - Stopped by Eric Comrie with a rebound.
6:24 of 3rd period - Snap shot by Nicolas Aube-Kubel.
6:24 of 3rd period - Goal by Nicolas Aube-Kubel - Wolfpack : 3 - Bears : 2.
6:25 of 3rd period - Casey Mittelstadt wins face-off versus Christian Dvorak in neutral zone.
6:52 of 3rd period - A.J. Jenks is hit by Colton White and loses puck.
7:19 of 3rd period - Gianluca Curcuruto is hit by Connor Chatam and loses puck.
7:24 of 3rd period - Wrist shot by Connor Chatam.
7:24 of 3rd period - Stopped by Jake Allen without a rebound.
7:25 of 3rd period - Casey Mittelstadt wins face-off versus Christian Dvorak in Bears zone.
7:30 of 3rd period - Snap shot by David Pope.
7:30 of 3rd period - Stopped by Jake Allen without a rebound.
7:31 of 3rd period - Christian Dvorak wins face-off versus Casey Mittelstadt in Bears zone.
7:38 of 3rd period - Wrist shot by Nicolas Aube-Kubel.
7:38 of 3rd period - Stopped by Eric Comrie with a rebound.
7:40 of 3rd period - Slapshot by Gianluca Curcuruto.
7:40 of 3rd period - Stopped by Eric Comrie without a rebound.
7:41 of 3rd period - Christian Dvorak wins face-off versus Casey Mittelstadt in Wolfpack zone.
8:06 of 3rd period - A.J. Jenks is hit by Nolan Patrick and loses puck.
8:14 of 3rd period - Major / Game Misconduct Penalty to Mikko Vainonen for Butt-ending.
8:14 of 3rd period - Mikko Vainonen is ejected from game.
8:15 of 3rd period - Kerby Rychel wins face-off versus Casey Mittelstadt in Bears zone.
8:43 of 3rd period - Snap shot by Nolan Patrick.
8:43 of 3rd period - Shot Misses the Net.
8:54 of 3rd period - Off-side.
8:55 of 3rd period - Kerby Rychel wins face-off versus Casey Mittelstadt in neutral zone.
9:30 of 3rd period - Wrist shot by Samuel Blais.
9:30 of 3rd period - Deflect By Nolan Patrick.
9:30 of 3rd period - Goal by Nolan Patrick - Wolfpack : 4 - Bears : 2.
9:31 of 3rd period - Kerby Rychel wins face-off versus Casey Mittelstadt in neutral zone.
9:38 of 3rd period - Wrist shot by Kerby Rychel.
9:38 of 3rd period - Stopped by Eric Comrie with a rebound.
10:13 of 3rd period - Kerby Rychel is hit by Casey Mittelstadt.
11:00 of 3rd period - A.J. Jenks is hit by David Pope and loses puck.
11:48 of 3rd period - Nikolay Prokhorkin is hit by Connor Chatam and loses puck.
12:42 of 3rd period - Emil Johansson is hit by Casey Mittelstadt and loses puck.
13:14 of 3rd period - Penalty to Mikko Vainonen is over, Joshua Leivo is send on ice.
13:16 of 3rd period - Icing by Colton White.
13:17 of 3rd period - Vincent Dunn wins face-off versus Jake Marchment in Wolfpack zone.
13:22 of 3rd period - Slapshot by Nikolay Prokhorkin.
13:22 of 3rd period - Shot Misses the Net.
13:24 of 3rd period - Wrist shot by Gianluca Curcuruto.
13:24 of 3rd period - Stopped by Eric Comrie with a rebound.
13:26 of 3rd period - Slapshot by Logan O'Connor.
13:26 of 3rd period - Shot Misses the Net.
13:28 of 3rd period - Slapshot by Tommy Vannelli.
13:28 of 3rd period - Shot Misses the Net.
13:44 of 3rd period - Slapshot by Ryan Culkin.
13:44 of 3rd period - Deflect By Alex Barre-Boulet.
13:44 of 3rd period - Stopped by Jake Allen with a rebound.
14:05 of 3rd period - Slapshot by Nolan Patrick.
14:05 of 3rd period - Shot Hit the Post.
14:21 of 3rd period - Snap shot by Kerby Rychel.
14:21 of 3rd period - Stopped by Eric Comrie with a rebound.
14:29 of 3rd period - Cale Fleury is hit by Nicolas Aube-Kubel and loses puck.
14:49 of 3rd period - Icing by Jake Marchment.
14:50 of 3rd period - Jake Marchment wins face-off versus Sam Carrick in Wolfpack zone.
15:13 of 3rd period - Wrist shot by Jake Marchment.
15:13 of 3rd period - Stopped by Jake Allen with a rebound.
15:35 of 3rd period - A.J. Jenks is hit by Dryden Hunt and loses puck.
15:42 of 3rd period - Slapshot by Emil Johansson.
15:42 of 3rd period - Stopped by Eric Comrie with a rebound.
15:44 of 3rd period - Wrist shot by A.J. Jenks.
15:44 of 3rd period - Shot Misses the Net.
15:46 of 3rd period - Wrist shot by A.J. Jenks.
15:46 of 3rd period - Deflect By Sam Carrick.
15:46 of 3rd period - Stopped by Eric Comrie without a rebound.
15:47 of 3rd period - Alexander Barabanov wins face-off versus Adam Lowry in Wolfpack zone.
16:09 of 3rd period - Icing by Emil Johansson.
16:10 of 3rd period - Christian Dvorak wins face-off versus Casey Mittelstadt in Bears zone.
16:10 of 3rd period - Christian Dvorak is hit by Casey Mittelstadt.
17:08 of 3rd period - Slapshot by Steven Santini.
17:08 of 3rd period - Shot Blocked by Nikolay Prokhorkin.
17:21 of 3rd period - Icing by David Pope.
17:22 of 3rd period - Nicolas Aube-Kubel wins face-off versus Jake Marchment in Wolfpack zone.
17:53 of 3rd period - Wrist shot by David Pope.
17:53 of 3rd period - Stopped by Jake Allen without a rebound.
17:54 of 3rd period - Adam Lowry wins face-off versus Casey Mittelstadt in Bears zone.
17:59 of 3rd period - Snap shot by Jacob Bryson.
17:59 of 3rd period - Shot Misses the Net.
18:01 of 3rd period - Slapshot by Jacob Bryson.
18:01 of 3rd period - Shot Blocked by Ryan Culkin.
18:22 of 3rd period - Wrist shot by Cole Smith.
18:22 of 3rd period - Stopped by Eric Comrie without a rebound.
18:23 of 3rd period - Christian Dvorak wins face-off versus Alex Barre-Boulet in Wolfpack zone.
18:48 of 3rd period - Samuel Blais is hit by A.J. Jenks and loses puck.
19:24 of 3rd period - Samuel Blais is hit by Christian Dvorak and loses puck.
Goals for this period are 1 for Wolfpack vs 2 for Bears.
Shots for this period are 15 for Wolfpack vs 20 for Bears.
Output by the SimonT Hockey Simulator (STHS) for Francois Prevost